Map: Prion Terraces

Players

Haighstrom - Winner!

  • Race: Zerg Zerg

TheDarkRaven

  • Race: Zerg Zerg

VOD

Have the link to the VOD?

Description

Time

  • Played on: Nov. 10, 2015, 5:43 p.m.
  • Length: 4:51
Show
View Real Time Build Order
Export as new Build Order

Haighstrom Zerg - Winner!

Build Orders: Hatch First, Zergling Baneling 

Get SALT Encoding   

  12  0:00  Drone  
  13  0:12  Overlord  
  13  0:17  Drone  
  14  0:30  Drone x2  
  14  0:34  Drone  
  17  0:52  Hatchery  
  16  0:58  Drone  
  16  1:02  Drone, Extractor  
  17  1:14  Spawning Pool  
  17  1:18  Drone  
  17  1:21  Drone  
  18  1:27  Drone  
  19  1:38  Drone  
  20  1:49  Drone  
  21  1:59  Overlord  
  21  2:05  Queen x2  
  21  2:06  Metabolic Boost  
  25  2:08  Zergling x2  
  26  2:16  Drone  
  26  2:19  Drone  
  28  2:27  Baneling Nest  
  28  2:28  Drone  
  28  2:29  Drone  
  29  2:44  Drone x3  
  29  2:48  Overlord  
  29  2:49  Evolution Chamber  
  31  3:01  Drone x2  
  33  3:12  Zergling x4  
  35  3:19  Zergling x2  
  38  3:20  Zergling x10  
  38  3:22  Overlord  
  41  3:35  Zergling x4  
  41  3:47  Zergling x8  
  41  3:48  Zergling x6  
  48  3:58  Overlord  
  48  4:01  Zergling x2  
  48  4:02  Hatchery  
  48  4:09  Zergling x2  
  49  4:11  Baneling  
  49  4:12  Baneling x2  
  49  4:13  Baneling x4  
  49  4:18  Baneling  
  49  4:19  Zergling x8  
  53  4:24  Zergling x6  
  53  4:29  Zergling x4  
Show
View Real Time Build Order
Export as new Build Order

TheDarkRaven Zerg 

Build Orders: Pool First 

Get SALT Encoding   

  12  0:02  Drone  
  13  0:12  Drone  
  14  0:19  Overlord  
  14  0:37  Drone x2  
  14  0:38  Drone  
  17  0:50  Extractor, Spawning Pool  
  17  0:51  Drone  
  16  1:00  Overlord  
  16  1:12  Drone  
  17  1:36  Drone x2, Queen  
  21  1:54  Metabolic Boost  
  21  1:57  Hatchery  
  20  2:01  Overlord  
  20  2:20  Zergling x6  
  23  2:49  Drone  
  24  2:56  Roach Warren  
  24  2:58  Extractor  
  22  3:00  Evolution Chamber  
  21  3:36  Roach  
  21  3:37  Roach x6  
  21  3:39  Queen  
  21  3:40  Drone x3  
  37  3:46  Spine Crawler  
  36  3:51  Spine Crawler  
  35  3:55  Drone  
  36  4:16  Drone x3  
  39  4:17  Roach  
  41  4:25  Drone x2  
Tags
 
Add a new tag
Caveats
  • Supply blocks, unpowered buildings, or Contaminate may cause inaccurate times.
  • Supply counts are checked every 10 seconds.